 Dungeon Crawl Stone Soup version 0.25-a0-263-g9d16a9d099 (webtiles) character file.

Game seed: 16139384618024539261, levelgen mode: deterministic

31007 Redear the Blocker (level 13, -7/82 HPs)
             Began as an Octopode Fighter on Dec 7, 2019.
             Was a Plaything of Xom.
             Mangled by a porcupine (39 damage)
             ... summoned by Xom
             ... on level 5 of the Lair of Beasts.
             The game lasted 01:25:45 (17502 turns).

Redear the Blocker (Octopode Fighter)              Turns: 17502, Time: 01:25:45

Health: -7/82      AC:  1    Str: 14 (15) XL:     13   Next: 55%
Magic:  19/19      EV: 23    Int: 13      God:    Xom [......]
Gold:   862        SH:  0    Dex: 16      Spells: 13/20 levels left

rFire    + . .     SeeInvis .   a - +5 scimitar (flame)
rCold    . . .     Gourm    .   y - +0 shield
rNeg     . . .     Faith    .   (helmet restricted)
rPois    +         Spirit   .   t - amulet of rage {+Rage}
rElec    .         Reflect  .   k - +4 ring of evasion
rCorr    .         Harm     .   g - +2 ring of intelligence
MR       .....                  o - ring of poison resistance {rPois}
Stlth    +++++.....             f - ring of protection from fire {rF+}
HPRegen  0.23/turn              (no ring)
MPRegen  0.16/turn              (no ring)
                                (no ring)
                                (no ring)

@: about to teleport, sleeping
A: almost no armour, stealthy swim, amphibious, 8 rings, constrict 8, tentacle
spike 2, camouflage 1, deterioration 1, frail 1, gelatinous body 1
a: Renounce Religion, Evoke Berserk Rage


You were on level 5 of the Lair of Beasts.
You worshipped Xom.
You were a very special plaything of Xom.
You were not hungry.

You visited 3 branches of the dungeon, and saw 19 of its levels.
You visited the Abyss 1 time.

You collected 1425 gold pieces.
You spent 563 gold pieces at shops.

Inventory:

Hand Weapons
 a - a +5 scimitar of flaming (weapon)
 j - a +1 short sword of draining
 p - a +4 falchion of slicing
 E - a +2 vampiric dagger {!w}
 G - a +3 long sword of holy wrath
 L - the +5 rapier "Murmur" {pain, -Tele rF++ rC+ Int+3}
   (You found it on level 5 of the Dungeon)

   In the hands of one skilled in necromantic magic, it inflicts extra damage on
   living creatures.
   It affects your intelligence (+3).
   It greatly protects you from fire.
   It protects you from cold.
   It prevents most forms of teleportation.
Missiles
 h - 362 stones (quivered)
 C - 68 poisoned darts
 Z - 5 throwing nets {+f}
Armour
 y - a +0 shield (worn)
 H - a +0 large shield
Magical Staves
 b - an uncursed staff of wizardry {Wiz+}
Jewellery
 f - a ring of protection from fire (on tentacle) {rF+}
 g - a +2 ring of intelligence (right tentacle)
 k - a +4 ring of evasion (left tentacle)
 o - a ring of poison resistance (on tentacle) {rPois}
 s - an uncursed amulet of guardian spirit {Spirit}
 t - an amulet of rage (around mantle) {+Rage}
Wands
 i - a wand of polymorph (12)
 q - a wand of random effects (35)
 D - a wand of digging (10)
 I - a wand of iceblast (4)
 P - a wand of paralysis (14)
 V - a wand of flame (31)
Scrolls
 d - 5 scrolls of immolation
 u - a scroll of silence
 v - 5 scrolls of amnesia
 x - a scroll of summoning {unknown}
 B - 5 scrolls of blinking {@r4}
 J - 3 scrolls of enchant armour
 K - 2 scrolls of fog
 M - 2 scrolls of magic mapping
 N - 8 scrolls of remove curse {@r2}
 R - a scroll of brand weapon {unknown}
 T - a scroll of teleportation {@r3}
 W - 4 scrolls of fear
Potions
 c - 2 potions of might {Str+5 DMG+1d10 | @q3}
 e - 5 potions of agility {Stlth+ Dex+5 EV+5 | @q4}
 l - 2 potions of flight
 m - a potion of cancellation {unknown}
 n - 3 potions of brilliance {Archmagi Int+5 Wiz++}
 r - a potion of haste {unknown}
 w - a potion of degeneration {unknown}
 A - a potion of mutation {unknown}
 F - a potion of lignification {unknown}
 O - a potion of ambrosia {unknown}
 Q - 5 potions of curing {@q2}
 S - 2 potions of invisibility {unknown}
 U - a potion of heal wounds {@q1}
Comestibles
 z - 28 rations


   Skills:
 - Level 10.0 Fighting
 + Level 9.7 Long Blades
 - Level 10.0 Dodging
 - Level 10.0 Stealth
 + Level 10.1 Shields
 - Level 4.0 Spellcasting
 - Level 5.0 Charms
 - Level 5.0 Necromancy
 + Level 7.2 Evocations


You had 13 spell levels left.
You knew the following spells:

 Your Spells              Type           Power        Failure   Level  Hunger
a - Confusing Touch       Hex            #.....       36%         1    None
b - Animate Skeleton      Necr           N/A          4%          1    None
c - Ensorcelled Hibernat  Hex/Ice        #.....       50%         2    ##.....
R - Regeneration          Chrm/Necr      ###.......   14%         3    ###....

Your spell library contained the following spells:

 Spells                   Type           Power        Failure   Level  Hunger
 Pain                     Necr           ###.         4%          1    None
 Vampiric Draining        Necr           ###.......   14%         3    ###....
 Apportation              Tloc           #.....       36%         1    None
 Corona                   Hex            #......      36%         1    None
 Summon Small Mammal      Summ           #...         36%         1    None
 Animate Dead             Necr           N/A          43%         4    ####...
 Confuse                  Hex            #.......     75%         3    ###....
 Dazzling Flash           Conj/Hex       #.....       75%         3    ###....
 Gell's Gravitas          Tloc           #.........   75%         3    ###....
 Static Discharge         Conj/Air       #.......     75%         3    ###....
 Tukima's Dance           Hex            #.......     75%         3    ###....
 Petrify                  Tmut/Erth      #.......     98%         4    ####...
 Iskenderun's Battlesphe  Conj/Chrm      #.......     98%         5    ######.
 Bolt of Magma            Conj/Fire/Erth #.........   100%        5    ######.
 Lightning Bolt           Conj/Air       #.........   100%        5    ######.
 Metabolic Englaciation   Hex/Ice        #.........   100%        5    ######.
 Yara's Violent Unravell  Hex/Tmut       #.........   100%        5    ######.
 Iron Shot                Conj/Erth      #.........   100%        6    #######
 Orb of Destruction       Conj           #.........   100%        7    #######
 Spellforged Servitor     Conj/Summ      #.........   100%        7    #######
 Ignition                 Fire           #.........   100%        8    #######
 Shatter                  Erth           #.........   100%        9    #######
 Tornado                  Air            #.........   100%        9    #######


Dungeon Overview and Level Annotations

Branches:
Dungeon (13/15)            Temple (1/1) D:7            Lair (5/6) D:8
 Shoals (0/4) Lair:3        Snake (0/4) Lair:4        Slime (0/5) Lair:5
    Orc (0/2) D:10
 Vaults: D:13-14

Altars:
Ashenzari
Cheibriados
Dithmenos
Elyvilon
Fedhas
Gozag
Hepliaklqana
Kikubaaqudgha
Makhleb
Nemelex Xobeh
Okawaru
Qazlal
Ru
Sif Muna
Trog
Uskayaw
Vehumet
Wu Jian
Xom
Yredelemnul
Zin
The Shining One

Shops:
D:6 :   D:7 *   D:10 (   D:12 (

Annotations:
D:5 exclusion: water moccasin
D:10 vampire
D:12 Urug
D:13 exclusion: acid dragon
Lair:4 Snorg


Innate Abilities, Weirdness & Mutations

You cannot wear most types of armour.
You are very stealthy in the water. (Stealth+)
You are amphibious.
You can wear up to eight rings at the same time.
You can use your tentacles to constrict eight enemies at once.
Your skin changes colour to match your surroundings (Stealth+).
Your rubbery body absorbs attacks. (AC +1, EV +1)
One of your tentacles bears a nasty spike.
Your body sometimes deteriorates upon taking damage.
You are frail. (-10% HP)


Message History

Okay, then.
As you read the scroll of teleportation {@r3}, it crumbles to dust.
You feel strangely unstable. You block the dream sheep's attack.
You are struck by the porcupine's spines.
You closely miss the porcupine.
Your tentacle spike misses the porcupine.
The water moccasin bites you. The dream sheep bites you!
You block the porcupine's attack.
You take 23 damage, and have 25/82 hp.
MASSIVE DAMAGE!!
You feel better. The water moccasin bites you.
The elephant completely misses you.
You riposte.
You hit the elephant but do no damage. You squeeze the elephant.
The elephant is lightly wounded.
You block the elephant's attack.
The dream sheep shake their wool and sparkle.
You feel drowsy...
You fall asleep.
The porcupine misses you. The water moccasin barely misses you.
The porcupine bites you!!!
You die...
Xom thinks this is hilarious!

...P ###PP...........###
.$..P ##..P..............#
..P.P##........)..........
.P..................P.....
#....†....b.b.....÷.....
#...#Y.#Yb.........#.##
#.YY.#.Y....b....#.P.##
#...###YS..b.......P..#
#..## #@YY...###.......#
## #r#SY..###P........
#.###>.P.PP......... #.#
#...PP....P..... #.#
##..PP...P...... #.#
##P......P..... #.#
####.##....>.. ##
#####..P... ####.P.


You could see 3 elephants, 2 water moccasins, 3 dream sheep and a porcupine.

Vanquished Creatures
  Harold (D:8)
  A hydra (Lair:4)
  5 death yaks
  Erica (Lair:1)
  5 two-headed ogres
  A wolf spider zombie (D:11)
  An ugly thing (D:11)
  A deep elf mage (D:13)
  5 spiny frogs
  A rime drake (Lair:5)
  6 komodo dragons
  A tengu conjurer (D:13)
  11 blink frogs
  3 slime creatures (Lair:5)
  A dream sheep (Lair:5)
  5 hippogriffs
  A wyvern (Lair:3)
  A shadow (D:11)
  A vampire (D:10)
  17 yaks
  2 wraiths
  5 basilisks
  A hungry ghost (D:11)
  A fire elemental (Lair:4)
  Grum (Lair:1)
  Edmund (D:6)
  3 nagas (Lair:4)
  11 porcupines
  A hell hound (Abyss:2)
  8 water moccasins
  A swamp drake (D:8)
  3 sky beasts
  A black bear (D:10)
  A hornet zombie (D:11)
  2 ice beasts
  7 orc warriors
  2 phantoms
  10 ogres
  7 wolves
  An eye of draining (shapeshifter) (D:11)
  4 centaurs
  4 crocodiles
  2 big kobolds
  Blork the orc (D:6)
  14 bullfrogs
  A small abomination (Abyss:2)
  A scorpion (D:8)
  A wyvern skeleton (D:8)
  A killer bee (D:10)
  5 wights
  6 howler monkeys
  A lava snake (Lair:4)
  2 bullfrog zombies
  5 crimson imps
  2 centaur zombies
  2 jellies
  A quasit (D:9)
  6 orc wizards
  A bullfrog skeleton (D:5)
  3 orc priests
  3 centaur skeletons
  2 hounds
  Terence (D:2)
  3 iguanas
  4 hell rats (Lair:4)
  5 worker ants
  A killer bee zombie (D:8)
  A hound zombie (D:9)
  A hound skeleton (D:10)
  A worker ant zombie (D:7)
  11 adders
  A shadow imp (D:6)
  3 oozes
  2 adder zombies
  An adder skeleton (D:5)
  2 worms
  4 dart slugs
  3 leopard geckos (D:2)
  39 orcs
  2 giant cockroaches
  2 gnoll zombies (D:2)
  6 goblins
  5 hobgoblins
  17 jackals
  19 kobolds
  6 quokkas
  A ball python (D:1)
  3 bats
  3 frilled lizards
  2 leopard gecko skeletons
  A leopard gecko zombie (D:6)
  A quokka zombie (D:7)
  6 rats
  A plant (Lair:4)
364 creatures vanquished.

Vanquished Creatures (collateral kills)
  A worldbinder (Abyss:2)
  A centaur skeleton (D:9)
  2 hippogriffs
  2 yaks
  2 wargs (D:10)
  A porcupine (Lair:3)
  3 killer bees (D:10)
  A jelly (D:9)
  An iguana (D:10)
  A hound zombie (D:10)
  A fungus (Lair:3)
16 creatures vanquished.

Vanquished Creatures (others)
  A dancing weapon (D:10)
  A crocodile (Lair:5)
  3 fungi
  11 plants
16 creatures vanquished.

Grand Total: 396 creatures vanquished

Notes
Turn   | Place    | Note
-------+----------+-------------------------------------------
     0 | D:1      | Redear the Octopode Fighter began the quest for the Orb.
     0 | D:1      | Reached XP level 1. HP: 16/16 MP: 1/1
   343 | D:1      | Reached skill level 1 in Stealth
   343 | D:1      | Reached XP level 2. HP: 17/21 MP: 2/2
   964 | D:2      | Noticed Terence
   971 | D:2      | Killed Terence
   971 | D:2      | Reached skill level 2 in Stealth
   971 | D:2      | Reached XP level 3. HP: 26/26 MP: 3/3
  1135 | D:2      | Reached XP level 4. HP: 21/31 MP: 4/4
  1730 | D:2      | Found a basalt altar of Yredelemnul.
  1853 | D:3      | Found a shadowy altar of Dithmenos.
  1862 | D:3      | Reached XP level 5. HP: 30/37 MP: 5/5
  2017 | D:3      | Reached skill level 3 in Stealth
  2289 | D:3      | Found an iron altar of Okawaru.
  2840 | D:4      | Reached skill level 4 in Fighting
  2847 | D:4      | Reached skill level 4 in Shields
  2847 | D:4      | Reached XP level 6. HP: 20/43 MP: 6/6
  3560 | D:4      | Reached skill level 3 in Long Blades
  3560 | D:4      | Reached skill level 4 in Dodging
  3934 | D:5      | Entered Level 5 of the Dungeon
  4063 | D:5      | Noticed a water moccasin
  4170 | D:5      | Got a dazzling rapier
  4177 | D:5      | Identified the +5 rapier "Murmur" {pain, -Tele rF++ rC+
                  | Int+3} (You found it on level 5 of the Dungeon)
  4239 | D:5      | Reached skill level 4 in Stealth
  4305 | D:5      | Reached XP level 7. HP: 49/49 MP: 7/7
  4920 | D:6      | Found Zemoj's Book Emporium.
  4963 | D:6      | Noticed Blork the orc
  5077 | D:6      | Bought a book of Necromancy for 390 gold pieces
  5082 | D:6      | Reached skill level 5 in Stealth
  5165 | D:6      | Noticed Edmund
  5172 | D:6      | Killed Edmund
  5172 | D:6      | Reached skill level 5 in Fighting
  5172 | D:6      | Reached skill level 4 in Long Blades
  5172 | D:6      | Reached skill level 5 in Shields
  5172 | D:6      | Reached XP level 8. HP: 38/55 MP: 8/8
  5351 | D:6      | Reached skill level 5 in Dodging
  5430 | D:6      | Found a shimmering blue altar of Sif Muna.
  5560 | D:6      | Found a basalt altar of Yredelemnul.
  5566 | D:6      | Killed Blork the orc
  5636 | D:7      | Found Usukleh's Assorted Antiques.
  5675 | D:7      | Reached skill level 6 in Stealth
  5710 | D:7      | Bought a scroll labeled TERRUUCUNKE for 30 gold pieces
  5715 | D:7      | Found a sacrificial altar of Ru.
  5789 | D:7      | Noticed a two-headed ogre
  5799 | D:7      | Found an opulent altar of Gozag.
  5805 | D:7      | Found a staircase to the Ecumenical Temple.
  6154 | D:7      | Reached skill level 5 in Long Blades
  6289 | D:7      | Reached skill level 6 in Fighting
  6289 | D:7      | Reached skill level 6 in Shields
  6289 | D:7      | Reached XP level 9. HP: 33/62 MP: 9/9
  6383 | D:7      | Reached skill level 6 in Dodging
  6610 | Temple   | Entered the Ecumenical Temple
  6746 | Temple   | Became a worshipper of Xom of Chaos
  6768 | D:7      | XOM: potion effect (invisibility)
  6773 | D:7      | Killed a two-headed ogre
  7033 | D:8      | Reached skill level 6 in Long Blades
  7046 | D:8      | XOM: potion effect (haste)
  7122 | D:8      | Learned a level 1 spell: Animate Skeleton
  7126 | D:8      | Learned a level 3 spell: Regeneration
  7242 | D:8      | XOM: divination: detect creatures
  7455 | D:8      | Reached skill level 1 in Spellcasting
  7455 | D:8      | Reached skill level 1 in Charms
  7455 | D:8      | Reached skill level 1 in Necromancy
  7469 | D:8      | Noticed Harold
  7470 | D:8      | XOM: potion effect (heal wounds)
  7488 | D:8      | Killed Harold
  7488 | D:8      | Reached skill level 2 in Spellcasting
  7488 | D:8      | Reached skill level 3 in Charms
  7488 | D:8      | Reached skill level 3 in Necromancy
  7488 | D:8      | Reached XP level 10. HP: 31/69 MP: 10/14
  7540 | D:8      | XOM: polymorph crocodile -> swamp drake
  7554 | D:9      | XOM: summons 7 friendly demons
  7556 | D:9      | Reached skill level 3 in Spellcasting
  7594 | D:9      | Noticed a +0 hand axe
  7594 | D:9      | Noticed a +0 hand axe
  7597 | D:9      | Found a hide-covered altar of Uskayaw.
  7653 | D:8      | XOM: blink monster(s)
  7705 | D:8      | Reached skill level 4 in Charms
  7705 | D:8      | Reached skill level 4 in Necromancy
  7790 | D:8      | XOM: noise
  7863 | D:8      | XOM: divination: detect items
  7931 | D:8      | XOM: confuse monster(s)
  7941 | D:8      | Reached skill level 5 in Necromancy
  7959 | D:8      | XOM: divination: magic mapping
  7989 | D:8      | Found a staircase to the Lair.
  8075 | D:8      | Reached skill level 5 in Charms
  8256 | D:8      | XOM: cloud trail
  8279 | D:8      | XOM: noise
  8581 | D:9      | XOM: mild Chrm miscast
  8595 | D:9      | Reached skill level 7 in Fighting
  8605 | D:9      | Reached skill level 7 in Shields
  8719 | D:9      | XOM: cleaving
  8733 | D:9      | Reached skill level 7 in Dodging
  8733 | D:9      | Reached skill level 4 in Spellcasting
  8764 | D:9      | XOM: noise
  8779 | D:9      | XOM: mild Ice miscast
  8818 | D:9      | XOM: summons 6 friendly demons
  8829 | D:9      | Reached XP level 11. HP: 63/75 MP: 17/17
  9036 | D:9      | Noticed a two-headed ogre
  9049 | D:9      | Killed a two-headed ogre
  9049 | D:9      | Reached skill level 7 in Stealth
  9229 | D:10     | Entered Level 10 of the Dungeon
  9256 | D:10     | Found a radiant altar of Vehumet.
  9257 | D:10     | Noticed a two-headed ogre
  9272 | D:10     | XOM: potion effect (curing)
  9273 | D:10     | Killed a two-headed ogre
  9273 | D:10     | Reached skill level 7 in Long Blades
  9390 | D:10     | Found a staircase to the Orcish Mines.
  9442 | D:10     | Found Ukhu Feo's Antique Weapon Shop.
  9448 | D:10     | Reached skill level 1 in Evocations
  9475 | D:10     | Bought a runed long sword for 143 gold pieces
  9494 | D:10     | XOM: smoke on damage
  9566 | D:10     | XOM: medium Air miscast
  9569 | D:10     | XOM: enchant monster (bad)
 10177 | D:11     | Noticed a two-headed ogre
 10178 | D:11     | XOM: fog
 10233 | D:11     | XOM: scenery: create altars
 10243 | D:11     | Reached skill level 8 in Stealth
 10338 | D:11     | Noticed a cyan ugly thing
 10340 | D:11     | XOM: summons 9 friendly demons
 10341 | D:11     | XOM: give mutations
 10341 | D:11     | Gained mutation: You evolve. [Xom's grace]
 10341 | D:11     | Gained mutation: You are agile. (Dex +2) [Xom's grace]
 10341 | D:11     | Gained mutation: One of your tentacles bears a spike.
                  | [Xom's grace]
 10341 | D:11     | Gained mutation: One of your tentacles bears a nasty spike.
                  | [Xom's grace]
 10542 | D:11     | XOM: confuse monster(s)
 10543 | D:11     | Reached skill level 8 in Shields
 10543 | D:11     | Reached skill level 2 in Evocations
 10551 | D:11     | Reached skill level 8 in Fighting
 10567 | D:11     | Noticed a cyclops
 10641 | D:10     | Killed a two-headed ogre
 10660 | D:11     | Reached skill level 8 in Dodging
 10671 | D:11     | XOM: blink monster(s)
 10675 | D:11     | XOM: cleaving
 10681 | D:11     | XOM: cleaving
 10691 | D:11     | a cyclops changed into a shapeshifter
 10691 | D:11     | XOM: polymorph cyclops -> shapeshifter
 10700 | D:11     | XOM: fog
 10718 | D:11     | XOM: summons friendly crimson imp
 10822 | D:11     | Reached skill level 3 in Evocations
 11255 | D:11     | Killed a cyan ugly thing
 11255 | D:11     | Reached skill level 9 in Stealth
 11255 | D:11     | Reached XP level 12. HP: 52/84 MP: 18/18
 11649 | D:12     | Noticed Urug
 12315 | D:12     | Learned a level 1 spell: Confusing Touch
 12318 | D:12     | Learned a level 2 spell: Ensorcelled Hibernation
 12324 | D:12     | Found Elavix's Weapon Shop.
 12404 | D:12     | XOM: divination: detect creatures
 12404 | D:12     | Gained mutation: Your spells are a little easier to cast,
                  | but a little less powerful. [evolution]
 12514 | D:13     | Noticed a tengu warrior
 12518 | D:13     | Reached skill level 8 in Long Blades
 12519 | D:13     | a tengu warrior changed into a snapping turtle
 12519 | D:13     | XOM: polymorph tengu warrior -> snapping turtle
 12565 | D:13     | Noticed an eight-headed hydra
 12614 | D:13     | Noticed a two-headed ogre
 12623 | D:13     | Killed a two-headed ogre
 12623 | D:13     | Reached skill level 4 in Evocations
 12664 | D:13     | XOM: medium Tloc miscast
 12699 | D:13     | XOM: give mutations
 12699 | D:13     | Gained mutation: Your body sometimes deteriorates upon
                  | taking damage. [Xom's mischief]
 12699 | D:13     | Lost mutation: Your spells are a little easier to cast, but
                  | a little less powerful. [Xom's mischief]
 12699 | D:13     | Lost mutation: You evolve. [Xom's mischief]
 13004 | Lair:1   | Entered Level 1 of the Lair of Beasts
 13231 | Lair:1   | XOM: give mutations
 13231 | Lair:1   | Gained mutation: You are frail. (-10% HP) [Xom's mischief]
 13231 | Lair:1   | Lost mutation: You are agile. (Dex +2) [Xom's mischief]
 13510 | Lair:1   | Noticed Erica
 13517 | Lair:1   | Killed Erica
 13584 | Lair:1   | Noticed Grum
 13589 | Lair:1   | XOM: chaos upgrade
 13596 | Lair:1   | Killed Grum
 13988 | Lair:2   | You fall into a shaft and drop 2 floors!
 13988 | Lair:4   | XOM: stealth player
 14026 | Lair:4   | Noticed Snorg
 14092 | Lair:4   | XOM: cast spell 'Discord'
 14200 | Lair:4   | Found a staircase to the Snake Pit.
 14200 | Lair:4   | XOM: 1-stop teleportation journey
 14211 | Lair:3   | Reached skill level 10 in Stealth
 14219 | Lair:3   | XOM: 1-stop teleportation journey
 14332 | Lair:3   | Reached skill level 9 in Shields
 14341 | Lair:3   | Reached skill level 5 in Evocations
 14436 | Lair:3   | Found a staircase to the Shoals.
 14438 | Lair:3   | Reached skill level 9 in Fighting
 14504 | Lair:3   | Reached skill level 9 in Dodging
 15350 | Lair:2   | XOM: harmless Air miscast
 15562 | Lair:4   | Noticed a death yak
 15562 | Lair:4   | Noticed a death yak
 15568 | Lair:4   | XOM: 1-stop teleportation journey
 15598 | Lair:4   | XOM: 1-stop teleportation journey
 15607 | Lair:4   | XOM: medium Air miscast
 15607 | Lair:4   | XOM: smoke on damage
 15810 | Lair:4   | Reached skill level 9 in Long Blades
 15826 | Lair:4   | Reached XP level 13. HP: 66/81 MP: 10/19
 15882 | Lair:4   | XOM: harmless Tmut miscast
 15931 | Lair:4   | XOM: enchant monster (good)
 15933 | Lair:4   | Reached skill level 6 in Evocations
 15970 | Lair:4   | XOM: scenery: create altars
 15972 | Lair:4   | XOM: summons 2 friendly demons
 15973 | Lair:4   | XOM: 2-stop teleportation journey
 16203 | Lair:4   | XOM: god gift: 21 stones
 16280 | Lair:4   | XOM: destruction
 16599 | Lair:5   | XOM: stealth player
 16599 | Lair:5   | Found a staircase to the Slime Pits.
 16642 | Lair:4   | XOM: fog
 16671 | Lair:4   | XOM: enchant monster (good)
 16731 | Lair:4   | XOM is BORED!
 16731 | Lair:4   | XOM: medium Tloc miscast
 16731 | Lair:4   | Cast into level 2 of the Abyss (the capriciousness of Xom)
 16731 | Abyss:2  | Found a corrupted altar of Lugonu.
 16832 | Abyss:2  | Noticed a cacodemon
 16945 | Abyss:2  | XOM: summons 10 friendly demons
 16962 | Lair:4   | Escaped the Abyss
 16971 | Lair:5   | XOM: enchant monster (good)
 16982 | Lair:5   | XOM: harmless Tmut miscast
 17018 | Lair:5   | XOM: cast spell 'Ring of Flames'
 17027 | Lair:5   | Reached skill level 10 in Shields
 17061 | Lair:5   | XOM: scenery: create altars
 17137 | Lair:5   | Reached skill level 10 in Fighting
 17158 | Lair:5   | Reached skill level 7 in Evocations
 17179 | Lair:5   | Reached skill level 10 in Dodging
 17490 | Lair:5   | XOM: enchant monster (good)
 17494 | Lair:5   | XOM: butterfly on damage
 17494 | Lair:5   | XOM: smoke on damage
 17498 | Lair:5   | XOM: summons 4 hostile shadow creatures
 17502 | Lair:5   | Mangled by a porcupine

Levels and vault maps discovered:
D:1:      lemuel_arrival_river_ford, layout_basic, minmay_stone_trees_small
D:2:      layout_loops_ring, lemuel_zombie_altar_yredelemnul, uniq_terence
D:3:      layout_basic, okawaru_trees_1, old_standard_altar
D:4:      layout_layer_cave, first_ration
D:5:      layout_rooms
D:6:      layout_cave_pools, lemuel_blue_sif_altar, serial_shops, shop,
          basic_altar, uniq_edmund, uniq_blork_the_orc
D:7:      layout_rooms, nicolae_overflow_crystal_walls,
          nicolae_gozag_seed_capital, temple_statues, serial_shops,
          nicolae_shop_temple_entry_statues_fountains
D:8:      layout_basic, minmay_lair_entry_grove, uniq_harold
D:9:      layout_roguey, dancing_weapons_uskayaw, grunt_ogre_cave
D:10:     layout_basic, minmay_orc_entry_guard_dogs, basic_altar, serial_shops,
          shop_statue
D:11:     layout_loops_ring, mrwooster_statue_mirror, grunt_ministairs_5
D:12:     layout_gridville, serial_shops, shop_statue, uniq_urug
D:13:     layout_basic, basic_altar, uniq_jorgrun, uniq_maurice
Temple:   regret_index_temple_waves
Lair:1:   layout_cave_pods, guppyfry_lair_drakes, uniq_erica, uniq_grum
Lair:2:   layout_big_grid, serial_bayou_lagoon_a, lemuel_fruit_tree
Lair:3:   layout_loops_ring, shoals_dummy_entry, st_stairs_3,
          serial_bayou_shore_b
Lair:4:   layout_gridlike, guppyfry_snake_entry_island, serial_bayou_pond_d,
          minivault_19, beast_lair_carwin_8, uniq_snorg
Lair:5:   layout_misc_corridors, minmay_slime_entry_pillars, st_stairs_9

Skill      XL: |  1  2  3  4  5  6  7  8  9 10 11 12 13 |
---------------+----------------------------------------+-----
Stealth        | 1 2 3 4 5 6 9 10 | 10.0
Fighting       | 4 5 6 7 8 9 10 | 10.0
Shields        | 4 5 6 7 8 9 10 | 10.1
Long Blades    | 3 4 5 6 7 9 |  9.7
Dodging        | 4 5 6 7 8 9 10 | 10.0
Spellcasting   | 2 4 |  4.0
Charms         | 3 5 |  5.0
Necromancy     | 3 5 |  5.0
Evocations     | 3 5 7 |  7.2

Action                   |  1- 3 |  4- 6 |  7- 9 | 10-12 | 13-15 || total
-------------------------+-------+-------+-------+-------+-------++-------
Melee: Long sword        |    35 |       |       |     4 |       ||    39
       Constrict         |    14 |    26 |    34 |    90 |     7 ||   171
       Short sword       |    21 |   103 |       |       |       ||   124
       Tentacles         |     8 |    27 |    39 |   148 |    42 ||   264
       Rapier            |       |     9 |   202 |   434 |       ||   645
       Staff             |       |       |       |     3 |       ||     3
       Kick              |       |       |       |   122 |    50 ||   172
       Scimitar          |       |       |       |   119 |   130 ||   249
Throw: Stone             |       |       |     3 |     1 |       ||     4
 Cast: Regeneration      |       |       |       |    56 |    16 ||    72
       Animate Skeleton  |       |       |       |    12 |     4 ||    16
Evoke: Wand              |       |       |       |    13 |     1 ||    14
  Use: Potion            |     2 |       |     2 |     6 |     1 ||    11
       Scroll            |       |       |     7 |    11 |     3 ||    21
 Stab: Sleeping          |     4 |    15 |    13 |    25 |     6 ||    63
       Distracted        |       |     1 |     1 |     2 |     1 ||     5
       Invisible         |       |       |     2 |       |       ||     2
       Paralysed         |       |       |       |     7 |     2 ||     9
       Confused          |       |       |       |     2 |       ||     2
  Eat: Chunk             |       |     7 |     7 |    24 |     3 ||    41
       Ration            |       |     1 |     1 |     4 |     1 ||     7
Armor: Skin              |     4 |     3 |     6 |     9 |     2 ||    24
Dodge: Dodged            |    20 |    37 |   127 |   335 |    68 ||   587
Block: Shield            |    30 |    40 |   100 |   260 |    55 ||   485
       Rpst.: Long sword |     1 |       |       |       |       ||     1
       Scimitar          |       |       |       |    21 |    17 ||    38

Table legend:
 A = Non-vault XP
 B = Vault XP
 C = Vault XP percentage of total XP
 D = Non-vault monster count
 E = Vault monster count
 F = Vault count percentage of total count
                 A         B        C        D         E       F
            +---------+---------+-------+---------+---------+-------
      Total |   33160 |   11136 |  25.1 |     323 |      55 |  14.6
            +---------+---------+-------+---------+---------+-------
        D:1 |      33 |       0 |   0.0 |      17 |       0 |   0.0
        D:2 |      84 |      42 |  33.3 |      24 |       3 |  11.1
        D:3 |     120 |       0 |   0.0 |      12 |       0 |   0.0
        D:4 |     165 |       0 |   0.0 |       4 |       0 |   0.0
        D:5 |     485 |       0 |   0.0 |      14 |       0 |   0.0
        D:6 |     242 |     262 |  52.0 |      19 |       2 |   9.5
        D:7 |    1989 |       0 |   0.0 |      35 |       0 |   0.0
        D:8 |    1035 |    2802 |  73.0 |      21 |      12 |  36.4
        D:9 |    2858 |     259 |   8.3 |      27 |       2 |   6.9
       D:10 |    3730 |     161 |   4.1 |      32 |       2 |   5.9
       D:11 |    4390 |      17 |   0.4 |      30 |       7 |  18.9
       D:12 |     928 |       0 |   0.0 |      11 |       0 |   0.0
       D:13 |    2098 |       0 |   0.0 |      10 |       0 |   0.0
     Lair:1 |     329 |    2287 |  87.4 |       3 |       9 |  75.0
     Lair:2 |     460 |       0 |   0.0 |       4 |       0 |   0.0
     Lair:3 |    4229 |     157 |   3.6 |      22 |       1 |   4.3
     Lair:4 |    5298 |    3888 |  42.3 |      18 |      11 |  37.9
     Lair:5 |    3724 |    1261 |  25.3 |      15 |       6 |  28.6
    Abyss:2 |     963 |       0 |   0.0 |       5 |       0 |   0.0
            +---------+---------+-------+---------+---------+-------
